 Dungeon Crawl Stone Soup version 0.32-a0-660-g97ce250973 (webtiles) character file.

Game seed: 8794740470948807959

111314 Ank the Earth Mage (level 16, -1/108 HPs)
             Began as a Gargoyle Earth Elementalist on Mar 9, 2024.
             Was a Priest of Ashenzari.
             Slain by a naga warrior
             ... wielding a +1 hand axe of flaming
              (10 damage)
             ... on level 1 of the Snake Pit on Mar 10, 2024.
             The game lasted 02:36:54 (32307 turns).

Ank the Earth Mage (Gargoyle Earth Elementalist)   Turns: 32307, Time: 02:36:55

Health: -1/108     AC: 27    Str: 14    XL:     16   Next: 57%
Magic:  8/33       EV:  4    Int: 28    God:    Ashenzari [***...]
Gold:   1471       SH:  5    Dex: 10    Spells: 22/42 levels left

rFire   . . .        e - staff of death
rCold   . . .        G - +0 buckler
rNeg    + + .        U - +1 leather armour {Will+}
rPois   ∞            S - +0 helmet "Share My Augurer" {Comp, Elem} (curse)
rElec   +            L - +0 cloak of Ashenzari's Sun {Sorc, Fort} (curse)
rCorr   .            K - +0 pair of gloves "Prophetic Paranoia" {Sorc, Fort} (curse)
SInv    +            P - +0 pair of boots "Per Aspera Ad Scientiam" {Elem, Bglg} (curse)
Will    ++...        N - amulet of magic regeneration
Stlth   ++           C - +4 ring of protection
HPRegen 0.38/turn    k - ring "Thunder Perfect Mind" {Int+6, Dev, Self} (curse)
MPRegen 0.63/turn

%: clarity
@: about to teleport, flying, constricted
A: sickness immunity, AC +12, big wings, negative energy resistance 1,
electricity resistance, torment resistance 1, petrification resistance
a: Renounce Religion, Curse Item, Shatter the Chains


You were on level 1 of the Snake Pit.
You worshipped Ashenzari.
Ashenzari was most pleased with you.
You visited 4 branches of the dungeon, and saw 23 of its levels.
You visited 1 bazaar.
You also visited: Ossuary.

You collected 2635 gold pieces.
You spent 1164 gold pieces at shops.

Inventory:

Hand Weapons
 F - a +2 hand cannon of flaming
Missiles
 Z - 3 throwing nets
Armour
 q - the +3 hat of Pondering {ponderous, Will+ MP+10 Int+5}
   (You took it off Gastronok on level 11 of the Dungeon)

   Int+5:     It affects your intelligence (+5).
   Will+:     It increases your willpower.
   MP+10:     It affects your magic capacity (+10).
 A - the +8 chain mail of the King of the Hill {rC+ Int+6}
   (You found it on level 5 of the Lair of Beasts)

   Int+6:     It affects your intelligence (+6).
   rC+:       It protects you from cold.
 G - a +0 buckler (worn)
 K - the cursed +0 pair of gloves "Prophetic Paranoia" (worn) {Sorc, Fort}
   (You found it on level 7 of the Dungeon)

   It has a curse which improves the following skills: Sorcery: Conjurations and
   Alchemy.
   Fortitude: Armour and Shields.
 L - the cursed +0 cloak of Ashenzari's Sun (worn) {Sorc, Fort}
   (You took it off Crazy Yiuf on level 7 of the Dungeon)

   It has a curse which improves the following skills: Sorcery: Conjurations and
   Alchemy.
   Fortitude: Armour and Shields.
 P - the cursed +0 pair of boots "Per Aspera Ad Scientiam" (worn) {Elem, Bglg}
   (You found it on level 9 of the Dungeon)

   It has a curse which improves the following skills: Elements: Fire Magic, Ice
   Magic, Air Magic and Earth Magic.
   Beguiling: Hexes and Translocations.
 S - the cursed +0 helmet "Share My Augurer" (worn) {Comp, Elem}
   (You found it on level 10 of the Dungeon)

   It has a curse which improves the following skills: Companions: Summonings
   and Necromancy.
   Elements:  Fire Magic, Ice Magic, Air Magic and Earth Magic.
 T - a +2 pair of boots
 U - a +1 leather armour of willpower (worn)
Magical Staves
 c - a staff of conjuration
 e - a staff of death (weapon)
 W - a staff of fire
Jewellery
 b - a ring of positive energy
 k - the cursed ring "Thunder Perfect Mind" (right hand) {Int+6, Dev, Self}
   (You found it on level 1 of the Dungeon)

   [ring of intelligence]

   Int+6:     It affects your intelligence (+6).
   It has a curse which improves the following skills: Devices: Evocations and
   Shapeshifting.
   Introspection: Fighting and Spellcasting.
 B - the amulet of the Air {Inacc Air Fly rElec RMsl}
   (You found it on level 4 of the Lair of Beasts)

   [amulet of nothing]

   Inacc:     It reduces the accuracy of your attacks and spells.
   Air:       It enhances your air magic.
   rElec:     It insulates you from electricity.
   Fly:       It grants you flight.
   RMsl:      It protects you from missiles.
 C - a +4 ring of protection (left hand)
 E - a ring of willpower
 N - an amulet of magic regeneration (around neck)
 X - a +6 ring of intelligence
Wands
 a - a wand of paralysis (11)
 f - a wand of polymorph (4)
 n - a wand of flame (29)
 y - a wand of quicksilver (25)
 I - a wand of warping (21)
 J - a wand of mindburst (27)
Scrolls
 d - 5 scrolls of teleportation
 i - 4 scrolls of blinking
 j - 4 scrolls of immolation
 o - 6 scrolls of amnesia
 p - 6 scrolls of enchant weapon
 t - 2 scrolls of revelation
 u - 3 scrolls of enchant armour
 v - a scroll of silence
 z - 5 scrolls of poison
 H - 6 scrolls of fog
 O - 2 scrolls of vulnerability
 Q - 2 scrolls of brand weapon
Potions
 g - 2 potions of might
 h - 14 potions of curing
 l - a potion of enlightenment
 m - a potion of resistance
 r - 4 potions of haste
 s - 4 potions of lignification
 w - 4 potions of invisibility
 D - 2 potions of mutation
 M - 2 potions of ambrosia
 R - a potion of brilliance
 V - 3 potions of cancellation


   Skills:
 + Level 13.9(15.3) Fighting
 + Level 8.6(10.9) Armour
 - Level 8.8 Dodging
 - Level 2.1 Stealth
 - Level 5.5(7.7) Shields
 * Level 12.5(13.9) Spellcasting
 - Level 4.1(6.2) Conjurations
 - Level 4.6(6.0) Summonings
 - Level 4.3(5.8) Necromancy
 - Level 4.3(6.4) Fire Magic
 - Level 5.2(7.4) Ice Magic
 + Level 18.4(20.4) Earth Magic


You had 22 spell levels left.
You knew the following spells:

 Your Spells              Type           Power      Damage    Failure   Level
a - Sandblast             Erth           100%       2d20      0%          1
b - Stone Arrow           Conj/Erth      100%       3d13      1%          3
c - Brom's Barrelling Bo  Conj/Erth      76%        2d9       1%          4
d - Summon Ice Beast      Ice/Summ       55%        N/A       1%          3
e - Summon Blazeheart Go  Fire/Summ      53%        N/A       3%          4
f - Borgnjor's Vile Clut  Necr/Erth      48%        N/A       1%          5

Your spell library contained the following spells:

 Spells                   Type           Power      Damage    Failure   Level
 Passwall                 Erth           93%        N/A       0%          3
 Freeze                   Ice            100%       1d10      1%          1
 Magic Dart               Conj           100%       1d8       1%          1
 Summon Small Mammal      Summ           100%       N/A       1%          1
 Searing Ray              Conj           100%       2d8       1%          2
 Static Discharge         Conj/Air       74%        3-7/arc   1%          2
 Call Canine Familiar     Summ           52%        N/A       1%          3
 Frozen Ramparts          Ice            100%       1d16      1%          3
 Fugue of the Fallen      Necr           67%        N/A       1%          3
 Hailstorm                Conj/Ice       55%        3d11      1%          3
 Ozocubu's Armour         Ice            57%        N/A       1%          3
 Petrify                  Alch/Erth      67%        N/A       1%          4
 Volatile Blastmotes      Fire/Tloc      74%        2d16      3%          3
 Fulminant Prism          Conj/Alch      18%        3d10      11%         4
 Iskenderun's Mystic Bla  Conj/Tloc      37%        2d9       11%         4
 Summon Lightning Spire   Summ/Air       37%        N/A       11%         4
 Arcjolt                  Conj/Air       18%        1d28      30%         5
 Summon Forest            Summ/Tloc      18%        N/A       30%         5
 Summon Mana Viper        Hex/Summ       36%        N/A       30%         5
 Airstrike                Air            10%        2d(2-18)  34%         4
 Manifold Assault         Tloc           20%        N/A       36%         4
 Vhi's Electric Charge    Tloc/Air       40%        N/A       36%         4
 Summon Cactus Giant      Summ           26%        N/A       45%         6
 Alistair's Intoxication  Alch           14%        N/A       69%         5
 Sculpt Simulacrum        Ice/Alch       20%        N/A       78%         6
 Plasma Beam              Fire/Air       19%        2x1d30    83%         6
 Eringya's Noxious Bog    Alch           10%        4d6       99%         6


Dungeon Overview and Level Annotations

Branches:
Dungeon (15/15)            Temple (0/1) D:4            Lair (5/5) D:8
  Swamp (0/4) Lair:3        Snake (1/4) Lair:3        Slime (0/5) Lair:5
    Orc (2/2) D:10            Elf (0/3) Orc:2        Vaults (0/5) D:13
 Depths (0/4) D:15        Ossuary (visited)

Altars:
Ashenzari
Cheibriados
Dithmenos
Elyvilon
Gozag
Makhleb
Okawaru
Qazlal
Sif Muna
Trog
Uskayaw
Vehumet
Yredelemnul
Beogh

Shops:
D:7 =   D:9 :   D:10 *[   D:14 *   Orc:1 :   Orc:2 :([(

Annotations:
D:8 3 runed translucent doors
D:14 3 runed translucent doors, Doclifybb's ghost, journeyman MiMo


Innate Abilities, Weirdness & Mutations

You are immune to sickness and miasma.
Your stone body is resilient. (AC +12)
You are immune to poison.
Your large and strong wings let you fly.
You resist negative energy. (rN+)
You are resistant to electric shocks. (rElec)
You are resistant to unholy torment.
You are immune to petrification.


Message History

The stone arrow hits the naga sharpshooter!!
The naga sharpshooter is moderately wounded.
The naga warrior spits poison at you.
The splash of poison hits you but does no damage.
You resist. The naga warrior constricts you. The guardian serpent hits you.
The naga sharpshooter unwields a +0 long sword.
The naga sharpshooter wields a +0 shortbow.
The naga sharpshooter shoots an arrow.
The arrow hits you!
Unknown command.
As you read the scroll of teleportation, it crumbles to dust.
You feel strangely unstable.
You block the guardian serpent's attack.
The naga warrior hits you with a +1 hand axe of flaming!!
* * * LOW HITPOINT WARNING * * *
The naga warrior burns you!
* * * LOW HITPOINT WARNING * * *
The naga warrior constricts you.
* * * LOW HITPOINT WARNING * * *
The naga sharpshooter gestures wildly while chanting.
The naga sharpshooter magically shoots an arrow.
The arrow hits you but does no damage.
Unknown command.
You feel much better.
The guardian serpent hits you but does no damage.
The naga warrior hits you with a +1 hand axe of flaming!
* * * LOW HITPOINT WARNING * * *
The naga warrior burns you!
* * * LOW HITPOINT WARNING * * *
The naga warrior constricts you.
* * * LOW HITPOINT WARNING * * *
You block the guardian serpent's attack.
The naga sharpshooter mumbles some strange words.
The naga sharpshooter magically shoots an arrow.
The arrow hits you but does no damage.
You feel better.
The naga mage no longer looks unusually strong.
The guardian serpent hits you!
* * * LOW HITPOINT WARNING * * *
The naga warrior hits you with a +1 hand axe of flaming!
You die...

#...#
#...##########
#.^.#...<.†...
#####
##.....######..
.....# ##.....#
#.# ......#
###.....# #.#
.......
#...#...# #.#
.......
##N###...# #.#
.......##S@#
#...#### #.#
...)...NNN##
#.#....# #.#
N......N###
#.#....# #.#
......#.#
#.#....# #.#
.........#
#.#..).# #.#
#.#.##.###
#.#....## #.#
#.#....
#.#.....## #>#
#### #.#.##
#........###.#
....##.#.#
##..##.##......


You could see a naga warrior (catching breath), 2 naga sharpshooters, a guardian
serpent, a naga mage (fast) and a naga (strong).

Vanquished Creatures
  Gastronok (D:11)
  An emperor scorpion (D:15)
  A dire elephant (D:15)
  Azrael (Snake:1)
  Josephine (Lair:4)
  An ettin (Orc:1)
  An entropy weaver (shapeshifter) (D:14)
  Erolcha (Orc:2)
  Fannar (D:11)
  4 vault guards (D:13)
  5 hydras
  An ogre mage (D:13)
  An anaconda (Snake:1)
  4 boulder beetles
  2 catoblepae
  3 two-headed ogres
  12 death yaks
  2 centaur warriors
  2 tengu warriors (D:14)
  A shock serpent (Snake:1)
  A naga warrior (Snake:1)
  Sonja (Lair:2)
  3 skysharks
  A sea snake (Lair:5)
  2 lindwurms
  12 orc knights
  2 deep elf pyromancers
  9 ugly things
  8 orc sorcerers
  4 cyclopes
  4 manticores
  A salamander (D:15)
  4 kobold blastminers
  19 elephants
  2 naga magi (Snake:1)
  9 black mambas
  A cane toad (shapeshifter) (D:15)
  2 torpor snails
  5 gargoyles
  2 unseen horrors
  3 rime drakes
  A rime drake (shapeshifter) (D:13)
  Jeremiah (D:8)
  19 cane toads
  6 komodo dragons
  Psyche (D:9)
  A kobold demonologist (D:11)
  3 tengu conjurers
  An efreet (D:15)
  A yaktaur (D:13)
  3 red devils (Orc:1)
  3 trolls
  Prince Ribbit (D:6)
  A polar bear (Lair:4)
  A wolf spider simulacrum (D:15)
  2 hornets
  A snapping turtle (Lair:5)
  4 dream sheep (Lair:2)
  14 blink frogs
  12 slime creatures
  2 water elementals (D:13)
  8 wraiths
  A centaur simulacrum (D:15)
  A vampire (D:11)
  A shadow (D:10)
  8 wyverns
  4 fire elementals (Snake:1)
  3 basilisks
  40 yaks
  12 wargs
  2 vampire mosquitoes (D:15)
  2 steam dragons (Lair:5)
  A basilisk (shapeshifter) (D:15)
  An acid dragon (D:12)
  11 nagas
  4 hell hounds (Snake:1)
  42 orc warriors
  20 water moccasins
  5 black bears
  An ice beast (D:8)
  2 laughing skulls (D:14)
  7 wolves
  5 centaurs
  7 ogres
  A weeping skull (Ossuary)
  A phantom (D:5)
  Blork the orc (Orc:2)
  3 kobold brigands
  15 bullfrogs
  A gnoll sergeant (Orc:2)
  3 scorpions
  A water moccasin zombie (Ossuary)
  12 wights
  6 howler monkeys
  5 electric eels
  A bombardier beetle (D:4)
  4 hounds
  3 jellies
  2 gnoll boudas
  12 orc priests
  Crazy Yiuf (D:7)
  4 sleepcaps
  4 hell rats (Lair:1)
  25 orc wizards
  An iguana (D:5)
  3 bullfrog simulacra (Ossuary)
  2 mummies (Ossuary)
  4 adders
  10 gnolls
  2 white imps
  7 adder zombies (Ossuary)
  2 dart slugs (D:3)
  A ribbon worm (D:2)
  91 orcs
  7 ball pythons
  6 endoplasms
  5 giant cockroaches
  7 hobgoblins
  8 jackals
  20 kobolds
  3 quokkas
  5 bats
  3 frilled lizards
  5 gnoll zombies (Ossuary)
  7 goblins
  3 jackal zombies (Ossuary)
  2 orc zombies (Ossuary)
  11 rats
727 creatures vanquished.

Vanquished Creatures (collateral kills)
  A hydra (Lair:4)
  Harold (D:11)
  A merfolk avatar (Lair:5)
  A shock serpent (Snake:1)
  A skyshark (Lair:5)
  A cyclops (D:13)
  2 ugly things (D:14)
  2 elephants
  A yaktaur (D:13)
  A yak (Lair:5)
  An orc warrior (D:12)
  2 orcs (D:9)
15 creatures vanquished.

Grand Total: 742 creatures vanquished

Notes
Turn   | Place    | Note
-------+----------+-------------------------------------------
     0 | D:1      | Ank the Gargoyle Earth Elementalist began the quest for the
                  | Orb.
     0 | D:1      | Reached XP level 1. HP: 10/10 MP: 3/3
   111 | D:1      | You fall into a shaft and drop 1 floor!
   114 | D:2      | Reached skill level 4 in Earth Magic
   138 | D:2      | Reached XP level 2. HP: 14/15 MP: 0/5
   381 | D:2      | Reached XP level 3. HP: 19/19 MP: 4/6
   589 | D:1      | Learned a level 3 spell: Stone Arrow
   856 | D:1      | Reached skill level 5 in Earth Magic
  1686 | D:2      | Reached XP level 4. HP: 24/24 MP: 6/8
  2076 | D:3      | Found a faded altar of an unknown god.
  2498 | D:3      | Reached skill level 1 in Fighting
  2498 | D:3      | Reached XP level 5. HP: 29/29 MP: 5/9
  2961 | D:4      | Noticed an ogre
  3004 | D:4      | Found a sand-covered staircase.
  3017 | Ossuary  | Entered an ossuary
  3041 | Ossuary  | Noticed a weeping skull
  3051 | Ossuary  | Killed a weeping skull
  3140 | Ossuary  | Reached XP level 6. HP: 35/35 MP: 7/11
  3806 | D:4      | Reached XP level 7. HP: 40/40 MP: 2/12
  3948 | D:4      | Found a staircase to the Ecumenical Temple.
  4156 | D:4      | Reached skill level 6 in Earth Magic
  4336 | D:4      | Found a broken altar of Ashenzari.
  4469 | D:4      | Became a worshipper of Ashenzari the Shackled
  4572 | D:5      | Entered Level 5 of the Dungeon
  5050 | D:5      | Reached skill level 7 in Earth Magic
  5055 | D:5      | Reached XP level 8. HP: 47/48 MP: 4/14
  5958 | D:6      | Reached skill level 8 in Earth Magic
  6034 | D:6      | Reached skill level 5 in Spellcasting
  6159 | D:6      | Noticed Prince Ribbit
  6167 | D:6      | Killed Prince Ribbit
  6168 | D:6      | Reached skill level 5 in Fighting
  6169 | D:6      | Reached skill level 9 in Earth Magic
  6344 | D:6      | Reached XP level 9. HP: 54/54 MP: 10/17
  6899 | D:6      | Reached skill level 10 in Earth Magic
  7495 | D:7      | Found a runed translucent door.
  7496 | D:7      | Noticed Crazy Yiuf
  7642 | D:7      | Learned a level 4 spell: Brom's Barrelling Boulder
  7813 | D:7      | Found Wuadedgh's Jewellery Shoppe.
  8052 | D:7      | Found a shadowy altar of Dithmenos.
  8067 | D:7      | Found a shimmering blue altar of Sif Muna.
  8068 | D:7      | Found a stormy altar of Qazlal.
  8068 | D:7      | Found a basalt altar of Yredelemnul.
  8068 | D:7      | Found a snail-covered altar of Cheibriados.
  8068 | D:7      | Found a bloodstained altar of Trog.
  8070 | D:7      | Found a hide-covered altar of Uskayaw.
  8083 | D:7      | Found a burning altar of Makhleb.
  8148 | D:7      | Killed Crazy Yiuf
  8277 | D:8      | Reached skill level 11 in Earth Magic
  8447 | D:8      | Found a staircase to the Lair.
  8447 | D:8      | Noticed an elephant
  8617 | D:8      | Reached * piety under Ashenzari
  8809 | D:8      | Found a runed translucent gate.
  8809 | D:8      | Found a runed translucent gate.
  8811 | D:8      | Found a runed translucent gate.
  8814 | D:8      | Noticed a rust devil
  8815 | D:8      | Noticed a rust devil
  8831 | D:8      | Noticed Jeremiah
  8850 | D:8      | Reached skill level 1 in Armour
  9052 | D:8      | Killed Jeremiah
  9053 | D:8      | Reached XP level 10. HP: 37/64 MP: 7/21
  9320 | D:8      | Reached ** piety under Ashenzari
  9874 | D:9      | Found Ynloraz's Book Shoppe.
 10477 | D:9      | Reached skill level 12 in Earth Magic
 10525 | D:8      | Killed an elephant
 10832 | D:9      | Noticed Psyche
 10838 | D:9      | Killed Psyche
 11320 | D:9      | Noticed a five-headed hydra
 11327 | D:9      | Reached skill level 5 in Armour
 11516 | D:9      | Killed a five-headed hydra
 11624 | D:9      | Reached XP level 11. HP: 71/71 MP: 7/23
 11909 | D:10     | Entered Level 10 of the Dungeon
 11909 | D:10     | Noticed a two-headed ogre
 11914 | D:10     | Killed a two-headed ogre
 11915 | D:10     | Reached skill level 13 in Earth Magic
 12109 | D:10     | Found Jaibru's Neck Hole.
 12705 | D:10     | Found a staircase to the Orcish Mines.
 12705 | D:10     | Found Vozoahut's Armour Shoppe.
 12713 | D:10     | Bought a +1 leather armour of willpower for 182 gold pieces
 13009 | D:7      | Bought an amulet of magic regeneration for 450 gold pieces
 13089 | Lair:1   | Entered Level 1 of the Lair of Beasts
 13281 | D:8      | Reached skill level 1 in Shields
 13312 | D:8      | HP: 1/72 [blink frog (11)]
 13646 | Lair:1   | Reached skill level 14 in Earth Magic
 13858 | Lair:1   | Reached XP level 12. HP: 77/77 MP: 21/25
 14058 | Lair:1   | Reached skill level 5 in Shields
 14508 | Lair:1   | Reached skill level 15 in Earth Magic
 15190 | Lair:2   | Noticed Sonja
 15203 | Lair:2   | Killed Sonja
 15439 | Lair:2   | Reached skill level 10 in Fighting
 16373 | Lair:3   | Reached XP level 13. HP: 76/84 MP: 16/27
 16556 | Lair:3   | Found a staircase to the Snake Pit.
 16582 | Lair:3   | Found a staircase to the Swamp.
 16616 | Lair:3   | Reached skill level 16 in Earth Magic
 16932 | Lair:3   | Reached *** piety under Ashenzari
 17224 | Lair:4   | Reached skill level 5 in Dodging
 17295 | Lair:4   | Found the amulet of the Air {Inacc Air Fly rElec RMsl}
 17437 | Lair:4   | Identified the +1 leather armour of the Kettle-Drum {rC+
                  | Str+6}
 17673 | Lair:4   | Noticed Josephine
 17681 | Lair:4   | Killed Josephine
 18056 | Lair:5   | Entered Level 5 of the Lair of Beasts
 18823 | Lair:4   | Reached skill level 17 in Earth Magic
 18949 | Lair:4   | Learned a level 3 spell: Summon Ice Beast
 19043 | Lair:4   | Reached skill level 1 in Ice Magic
 19091 | Lair:5   | Reached skill level 1 in Summonings
 19108 | Lair:5   | Identified the +8 chain mail of the King of the Hill {rC+
                  | Int+6}
 19375 | Lair:4   | Gained mutation: Your large and strong wings let you fly.
                  | [Gargoyle growth]
 19375 | Lair:4   | Reached XP level 14. HP: 10/92 MP: 29/29
 19380 | Lair:4   | Reached skill level 10 in Spellcasting
 20063 | Lair:5   | Found a staircase to the Slime Pits.
 20828 | Lair:5   | Reached skill level 5 in Ice Magic
 21108 | Lair:5   | Reached skill level 1 in Fire Magic
 21867 | D:11     | Noticed Fannar
 21873 | D:11     | Killed Fannar
 22083 | D:11     | Noticed Gastronok
 22101 | D:11     | Killed Gastronok
 22283 | D:11     | Noticed Harold
 22299 | D:11     | Killed Harold
 23063 | D:12     | Learned a level 4 spell: Summon Blazeheart Golem
 23614 | D:12     | Reached XP level 15. HP: 86/99 MP: 29/31
 23732 | D:9      | Bought Great Wizards, Vol. II for 532 gold pieces
 23738 | D:9      | Learned a level 5 spell: Borgnjor's Vile Clutch
 23901 | D:12     | Found a radiant altar of Vehumet.
 24391 | D:13     | Reached skill level 1 in Necromancy
 25517 | D:13     | Found a gate to the Vaults.
 25700 | D:14     | Found a flickering gateway to a bazaar.
 25721 | Bazaar   | Entered a bazaar
 25725 | Bazaar   | Found Xovyfir's Armour Boutique.
 25747 | Bazaar   | Found Teipoisi's Antique Weapon Emporium.
 25768 | Bazaar   | Found Fatolad's Book Boutique.
 25788 | Bazaar   | Found Juhisch's Antique Armour Shoppe.
 26080 | D:14     | Found a runed translucent gate.
 26088 | D:14     | Found a runed translucent gate.
 26088 | D:14     | Found a runed translucent gate.
 26106 | D:14     | Found an opulent altar of Gozag.
 26108 | D:14     | Noticed Doclifybb's ghost (journeyman MiMo)
 26108 | D:14     | Noticed a fire giant
 26108 | D:14     | Noticed a fire giant
 26109 | D:14     | Found Plog's Assorted Antiques.
 26120 | D:14     | Found a white marble altar of Elyvilon.
 27003 | D:15     | Entered Level 15 of the Dungeon
 27120 | D:15     | Noticed an emperor scorpion
 27126 | D:15     | Found a staircase to the Depths.
 28117 | D:15     | Found an iron altar of Okawaru.
 28208 | D:15     | Killed an emperor scorpion
 28593 | Orc:1    | Entered Level 1 of the Orcish Mines
 28778 | D:10     | Reached XP level 16. HP: 97/107 MP: 18/33
 29216 | Orc:1    | Found Rafaph's Book Shoppe.
 29346 | Orc:2    | Entered Level 2 of the Orcish Mines
 29682 | Orc:2    | Found a flickering gateway to a bazaar.
 29707 | Orc:2    | Reached skill level 18 in Earth Magic
 30162 | Orc:2    | Found a staircase to the Elven Halls.
 30177 | Orc:2    | Found a bloodstained altar of Trog.
 30620 | Orc:2    | Noticed Blork the orc
 30630 | Orc:2    | Killed Blork the orc
 30789 | Orc:2    | Found Tadouc's Armour Shop.
 30810 | Orc:2    | Found a roughly hewn altar of Beogh.
 30827 | Orc:2    | Noticed Erolcha
 30835 | Orc:2    | Killed Erolcha
 31024 | Orc:2    | Found Hiuddett's Book Shop.
 31066 | Orc:2    | Found Koryok's Weapon Boutique.
 31175 | Orc:2    | Found Gieteocw's Antique Weapon Boutique.
 31748 | Snake:1  | Entered Level 1 of the Snake Pit
 32069 | Snake:1  | Noticed Azrael
 32103 | Snake:1  | Killed Azrael
 32307 | Snake:1  | Slain by a naga warrior

Illustrated notes

Levels and vault maps discovered:
D:1:      lightli_arrival_boilingwater, layout_basic
D:2:      layout_rooms
D:3:      layout_basic, ebering_ecumenical_altar_ruins, grunt_ministairs_2,
          kennysheep_flooded_box, kennysheep_another_room
D:4:      layout_rooms, ashenzari_altar_1, temple_fountains, enter_ossuary_1
D:5:      layout_loops_ring
D:6:      layout_basic, uniq_prince_ribbit1
D:7:      layout_rooms, minitemple, serial_shops, nicolae_shop_gaudy_bauble,
          kennysheep_big_empty_room, uniq_crazy_yiuf_cottage
D:8:      cheibrodos_iron_armory, layout_basic, david_lair_generic,
          nicolae_twisty_statue_hallways, uniq_jeremiah
D:9:      layout_basic, serial_shops, shop, grunt_potential, uniq_psyche
D:10:     layout_cave_pools, orc_david_3, nicolae_shop_sticking_my_neck_out
D:11:     layout_basic, uniq_harold, uniq_gastronok, uniq_fannar
D:12:     layout_loops_ring, nicolae_vehumet_radiance
D:13:     layout_cave_pools, grunt_vaults_entry_fortified, serial_bayou,
          serial_bayou_lagoon_a, serial_bayou_crossing, serial_bayou_ford_a,
          serial_bayou_pond_e, kennysheep_doodads
D:14:     layout_loops_ring, ebering_ghost_gozag, elyvilon_altar_5,
          serial_shops, bzr_entry_lakeside, grunt_ministairs_2
D:15:     hangedman_depths_entry_try_elsewhere_first, layout_gridville,
          hellmonk_okawaru_the_only_friend_you_need
Lair:1:   layout_cave_pods, nicolae_quartered_pool_impasse,
          serial_bayou_shore_a, grunt_megastairs_4
Lair:2:   layout_small_grid, uniq_sonja
Lair:3:   layout_hall_layers, swamp_mist, minmay_snake_entry_guardpost_small,
          gauntlet_entry_generic, st_stairs_3
Lair:4:   layout_misc_corridors, uniq_josephine
Lair:5:   gammafunk_lair_ancient_temple, layout_big_grid,
          minmay_slime_entry_pillars, infiniplex_staircase_pool_2
Snake:1:  layout_rooms, uniq_azrael
Orc:1:    layout_caves, serial_shops, shop_fountains,
          einodemon_armed_red_devil_minivault
Orc:2:    st_orc_town, layout_caves, serial_shops, bzr_in_the_mist, basic_altar,
          sword_in_stone, uniq_erolcha

Skill      XL: |  1  2  3  4  5  6  7  8  9 10 11 12 13 14 15 16 |
---------------+-------------------------------------------------+-----
Earth Magic    | 4 5 7 9 11 12 14 15 17 18 | 18.4
Conjurations   | 2 3 4 |  4.1
Spellcasting   | 3 4 5 6 7 8 9 10 11 12 | 12.5
Fighting       | 1 2 3 5 7 8 9 10 11 12 13 | 13.9
Armour         | 2 5 7 8 |  8.6
Shields        | 4 5 |  5.5
Dodging        | 4 6 7 8 |  8.8
Ice Magic      | 2 5 |  5.2
Summonings     | 2 4 |  4.6
Fire Magic     | 4 |  4.3
Necromancy     | 4 |  4.3
Stealth        | |  2.1

Action                     |  1- 3 |  4- 6 |  7- 9 | 10-12 | 13-15 | 16-18 || total
---------------------------+-------+-------+-------+-------+-------+-------++-------
  Melee: Staff             |     6 |    10 |    13 |    35 |    43 |    23 ||   130
         Unarmed           |     1 |       |       |       |       |       ||     1
   Cast: Sandblast         |    64 |    83 |    22 |    19 |   267 |    28 ||   483
         Stone Arrow       |       |    14 |   103 |   298 |   571 |   304 ||  1290
         Brom's Barrelling |       |       |    13 |    17 |     4 |       ||    34
         Summon Ice Beast  |       |       |       |       |    40 |     3 ||    43
         Summon Blazeheart |       |       |       |       |     2 |       ||     2
         Borgnjor's Vile C |       |       |       |       |    37 |    14 ||    51
 Invoke: Curse Item        |       |       |     2 |     2 |     1 |       ||     5
  Evoke: Wand              |       |     2 |       |       |       |       ||     2
    Use: Potion            |       |       |       |     1 |     3 |     2 ||     6
         Scroll            |       |       |       |       |     6 |     1 ||     7
 Armour: Robe              |    18 |    41 |    35 |    63 |       |       ||   157
         Leather armour    |       |       |       |   140 |   690 |   237 ||  1067
  Dodge: Dodged            |    22 |    40 |    38 |   129 |   435 |   172 ||   836
  Block: Buckler           |       |       |       |    34 |   179 |    90 ||   303

Table legend: (Time is in decaauts)
 A = Elapsed time spent in this place.
 B = Non-inter-level travel time spent in this place.
 C = Inter-level travel time spent in this place.
 D = Time resting spent in this place.
 E = Time spent auto-exploring this place.
 F = Levels seen in this place.
 G = Mean time per level.
                   A        B        C        D        E       F      G
               +--------+--------+--------+--------+--------+-----+--------+
         Total |  32684 |  31031 |   1653 |   5928 |  17953 |  25 | 1307.4 |
       Dungeon |  19830 |  18722 |   1108 |   2669 |  12341 |  15 | 1322.0 |
          Lair |   8530 |   8096 |    434 |   2246 |   3871 |   5 | 1706.0 |
     Snake Pit |    564 |    564 |      0 |     51 |    340 |   1 |  564.0 |
  Orcish Mines |   2858 |   2749 |    109 |    534 |   1140 |   2 | 1429.0 |
        Bazaar |    152 |    152 |      0 |      0 |     67 |   1 |  152.0 |
       Ossuary |    748 |    748 |      0 |    428 |    194 |   1 |  748.0 |
               +--------+--------+--------+--------+--------+-----+--------+

Top non-repeatable levels by time:
  Lair:4: 2941 daAuts
     D:8: 2182 daAuts
     D:9: 1924 daAuts
     D:6: 1747 daAuts
  Lair:3: 1686 daAuts
  Lair:1: 1652 daAuts
   Orc:2: 1503 daAuts
    D:11: 1495 daAuts
    D:15: 1466 daAuts
   Orc:1: 1354 daAuts
    D:13: 1306 daAuts
    D:14: 1246 daAuts
    D:10: 1209 daAuts
  Lair:2: 1167 daAuts
     D:7: 1159 daAuts
